AoeStats
← Long John Silver

African Clearing

506688890Analyzed
4v4 RM · 18d ago on Sep 14, 2026· 15m 27s· 8 players
Game mode
Random Map
Map size
Large (8 player)
Population
200
Speed
Normal
Resources
Standard
Victory
Conquest
Starting age
Dark Age
Ending age
Imperial Age
RankedLock teamsTeams togetherTeam positionsShared explorationLock speedFull tech treeHidden civsTurbo modeCheats
Victory
Defeat
🇵🇪 Berbers · Peru
1553
+12
🇵🇪 Byzantines · Peru
1507
+14
🇻🇳 Armenians · Vietnam
1505
+14
🇲🇴 Khmer · Macao SAR China
1497
+15
🇨🇦 Chinese · Canada
1522
-16
🇰🇿 Saracens · Kazakhstan
1469
-14
🇩🇪 Dravidians · Germany
1443
-13
🇨🇴 Poles · Colombia
1434
-12
Choso
3:58 Loom
14:07 Feudal Age
T91Official
9:25 Loom
11:35 Feudal Age
12:23 Horse Collar
13:19 Double-Bit Axe
parachutedreamer
2:58 Loom
12:24 Feudal Age
12:53 Double-Bit Axe
12:50 Horse Collar
15:28 Wheelbarrow
Long John Silver
9:52 Loom
12:15 Feudal Age
16:13 Castle Age
DarkWolf110722
8:47 Loom
11:12 Feudal Age
11:41 Double-Bit Axe
15:30 Forging
thanh7531
3:45 Loom
13:46 Feudal Age
14:07 Man-at-Arms
屁屁人
5:07 Loom
13:29 Feudal Age
17:32 Castle Age
The_Night_Wolf
9:55 Loom
12:18 Feudal Age
12:58 Double-Bit Axe
Connection lost

Rejoining the realm…

Still unreachable

The connection could not be restored.

Session expired

The server has moved on; the page needs a fresh start.